 Dungeon Crawl Stone Soup version 0.29.1-1-gd02db69 (webtiles) character file.

Game seed: 9712078649808911900

281 Timinator the Insei (level 5, -2/42 HPs)
             Began as a Demigod Transmuter on Jan 13, 2023.
             Slain by an orc priest
             ... wielding a +0 flail
              (6 damage)
             ... on level 2 of the Dungeon.
             The game lasted 00:07:18 (2522 turns).

Timinator the Insei (Demigod Transmuter)            Turns: 2522, Time: 00:07:18

Health: -2/42      AC:  5    Str: 11    XL:     5   Next: 77%
Magic:  8/10       EV: 12    Int: 15    God:
Gold:   87         SH:  0    Dex: 18    Spells: 5/8 levels left

rFire   . . .      SeeInvis .     - Unarmed
rCold   . . .      Faith    .   (no shield)
rNeg    . . .      Spirit   .   d - +0 leather armour
rPois   .          Reflect  .   j - +0 helmet
rElec   .          Harm     .   (no cloak)
rCorr   .          Rampage  .   h - +0 pair of gloves
Will    .....                   (no boots)
Stlth   +.........              (no amulet)
HPRegen 0.14/turn               (no ring)
MPRegen 0.12/turn               (no ring)

@: wereblooded, flying
A: high MP 1, forlorn, divine attributes
a: no special abilities


You were on level 2 of the Dungeon.
You visited 1 branch of the dungeon, and saw 3 of its levels.

You collected 87 gold pieces.

Inventory:

Missiles
 m - a throwing net
Armour
 d - a +0 leather armour (worn)
 h - a +0 pair of gloves (worn)
 j - a +0 helmet (worn)
Scrolls
 a - a scroll of amnesia
 b - 2 scrolls of teleportation {unknown}
 f - a scroll of poison {unknown}
 g - a scroll of magic mapping {unknown}
 i - a scroll of immolation
Potions
 c - a potion of mutation {unknown}
 e - a potion of flight
 n - a potion of attraction
 o - a potion of ambrosia {unknown}


   Skills:
 * Level 2.3 Fighting
 * Level 2.4 Armour
 + Level 2.2 Dodging
 + Level 4.2 Unarmed Combat
 - Level 2.0 Spellcasting
 + Level 2.7 Transmutations


You had 5 spell levels left.
You knew the following spells:

 Your Spells              Type           Power      Damage    Failure   Level
a - Beastly Appendage     Tmut           18%        N/A       10%         1
b - Wereblood             Tmut           9%         N/A       14%         2

Your spell library contained the following spells:

 Spells                   Type           Power      Damage    Failure   Level
 Passwall                 Tmut/Erth      4%         N/A       26%         2
 Ensorcelled Hibernation  Hex/Ice        2%         N/A       41%         2
 Spider Form              Tmut/Pois      5%         N/A       45%         3
 Swiftness                Air            1%         N/A       65%         3
 Ice Form                 Ice/Tmut       5%         N/A       86%         4


Dungeon Overview and Level Annotations

Branches:
Dungeon (3/15)

Shops:
D:2 [


Innate Abilities, Weirdness & Mutations

You have an increased reservoir of magic. (+10% MP)
You shall have no god before yourself.
Your divine heritage dramatically boosts your attributes as you level up.


Message History

The orc wizard gestures wildly while chanting.
The orc wizard flickers and vanishes!
Deactivating autopickup; reactivate with Ctrl-A.
The orc priest hits you but does no damage.
You feel very buoyant.
You fly up into the air.
The endoplasm hits you. Something hits you.
The orc priest hits you with a +0 flail!
* * * LOW HITPOINT WARNING * * *
You feel much better.
A bat comes into view.
The endoplasm freezes you.
You are frozen.
An orc comes into view. It is wielding a +0 war axe.
Something hits you.
The orc priest calls down the wrath of Beogh upon you.
Beogh smites you!
Your horns disappear.
Your talons disappear.
Your +0 helmet unmelds from your body.
The endoplasm barely misses you. Something hits you.
The orc priest hits you with a +0 flail.
* * * LOW HITPOINT WARNING * * *
You fly upwards.
Reactivating autopickup.
There is a stone staircase leading down here.
Something hits you.
* * * LOW HITPOINT WARNING * * *
Deactivating autopickup; reactivate with Ctrl-A.
The orc priest attacks as you move away!
The orc priest hits you but does no damage.
The endoplasm freezes you.
You are frozen.
* * * LOW HITPOINT WARNING * * *
Casting: Wereblood (safe; 14% risk of failure)
Confirm with . or Enter, or press ? or * to list all spells.
Okay, then.
You hit the orc priest.
The orc priest is lightly wounded.
You howl as the wereblood boils in your veins!
The orc priest hits you with a +0 flail.
You die...

#....##### #.# #.#
#........# #.# #.#
#....###.# #.# #.#
###.#.####.### #.# #.#
....#.##.....####.###
#.#
#####.##.#.#.##.....#
#.# #
#...........>.#.####.#
#
####.#.#.##.#o.......#
#
#...........@.#.######
# #.####.####.....# #
#.# #.# ####### # #.#
#.### # #)## #...#
#####†.# ###.#
.....†.# #.# .###.#.#
#.# .......## #.#


You could see an orc priest.

Vanquished Creatures
  Sigmund (D:2)
  Natasha (thrice) (D:2)
  2 adders (D:2)
  A worm (D:2)
  A dart slug (D:1)
  An orc (D:3)
  2 ball pythons (D:2)
  3 endoplasms
  3 giant cockroaches (D:1)
  2 goblins (D:1)
  4 jackals (D:2)
  3 kobolds (D:2)
  A quokka (D:2)
  4 bats (D:1)
  3 frilled lizards
  3 rats
37 creatures vanquished.

Notes
Turn   | Place    | Note
-------+----------+-------------------------------------------
     0 | D:1      | Timinator the Demigod Transmuter began the quest for the
                  | Orb.
     0 | D:1      | Reached XP level 1. HP: 15/15 MP: 5/5
   392 | D:1      | Reached skill level 1 in Fighting
   581 | D:1      | Reached XP level 2. HP: 21/23 MP: 7/7
   584 | D:1      | Learned a level 2 spell: Wereblood
   632 | D:1      | Reached skill level 1 in Armour
   762 | D:1      | Reached skill level 3 in Unarmed Combat
  1383 | D:2      | Noticed Sigmund
  1409 | D:2      | Killed Sigmund
  1410 | D:2      | Reached XP level 3. HP: 24/29 MP: 8/8
  1410 | D:2      | Reached XP level 4. HP: 30/36 MP: 9/9
  1410 | D:2      | Reached XP level 5. HP: 34/41 MP: 10/10
  1731 | D:2      | Noticed Natasha
  1740 | D:2      | Killed Natasha
  1741 | D:2      | Reached skill level 4 in Unarmed Combat
  1851 | D:2      | Found Loextu's Armour Emporium.
  1963 | D:2      | Noticed Natasha
  1971 | D:2      | Killed Natasha
  2118 | D:2      | Noticed Natasha
  2132 | D:2      | Killed Natasha
  2522 | D:2      | Slain by an orc priest

Illustrated notes

Levels and vault maps discovered:
D:1:      eino_arrival_cavern_d, layout_rooms, hellmonk_ecumenical_altar_blasted
D:2:      layout_loops_ring, serial_shops, shop, hangedman_abyss_or_decor_stabs,
          minmay_surrounded, uniq_sigmund, uniq_natasha
D:3:      layout_rooms, vehumet_crystals, serial_shops,
          nicolae_shop_advertising_works [nicolae_subvault_shop_adworks]

Skill      XL: |  1  2  3  4  5 |
---------------+----------------+-----
Fighting       | 1 2 |  2.3
Spellcasting   | 2 |  2.0
Armour         | 2 |  2.4
Unarmed Combat | 3 4 |  4.2
Dodging        | 2 |  2.2
Transmutations | 2 |  2.7

Action                   |  1- 3 |  4- 6 || total
-------------------------+-------+-------++-------
Melee: Unarmed           |    66 |    69 ||   135
       Kick              |     9 |     9 ||    18
       Headbutt          |     7 |     8 ||    15
       Punch             |     1 |       ||     1
 Cast: Beastly Appendage |     9 |     8 ||    17
       Wereblood         |       |     4 ||     4
  Use: Potion            |     2 |     2 ||     4
       Scroll            |       |     3 ||     3
Armor: Leather armour    |    13 |    19 ||    32
       Skin              |     7 |       ||     7
Dodge: Dodged            |    26 |    28 ||    54
